Map: Deathaura LE

Players

LiquidMaNa (MaNa)

  • Race: Protoss Protoss
  • League: Grandmaster
  • Spawn Location: 11:00

HellraiseR - Winner!

  • Race: Protoss Protoss
  • League: Master
  • Spawn Location: 5:00

Event: DreamHack SC2 Masters 2020 Winter

VOD

Have the link to the VOD?

Description

Time

  • Played on: Oct. 22, 2020, 2:55 p.m.
  • Length: 13:46

All games in this series

Show
View Real Time Build Order
Export as new Build Order

LiquidMaNa Protoss 

Build Orders: Oracle Opening, Phoenix Opening 

Get SALT Encoding   

  12  0:00  Probe  
  13  0:12  Probe  
  14  0:19  Pylon  
  14  0:24  Probe  
  15  0:37  Probe (Chrono Boost)  
  15  0:38  Gateway  
  16  0:43  Assimilator  
  16  0:46  Probe (Chrono Boost)  
  17  0:52  Probe  
  18  0:58  Assimilator  
  18  1:05  Probe (Chrono Boost)  
  18  1:11  Gateway  
  19  1:14  Probe (Chrono Boost)  
  20  1:19  Probe (Chrono Boost)  
  21  1:26  Cybernetics Core  
  21  1:31  Probe  
  22  1:38  Pylon  
  22  1:43  Probe  
  23  1:56  Probe  
  24  2:02  Stalker  
  24  2:04  Warp Gate, Sentry  
  24  2:08  Probe  
  29  2:12  Pylon  
  29  2:27  Stargate  
  29  2:32  Probe (Chrono Boost)  
  30  2:38  Phoenix  
  30  2:45  Probe (Chrono Boost)  
  30  2:50  Probe (Chrono Boost)  
  31  2:55  Nexus  
  31  2:59  Probe  
  32  3:05  Shield Battery  
  32  3:13  Oracle  
  32  3:15  Probe  
  36  3:23  Pylon  
  36  3:28  Probe  
  37  3:38  Twilight Council  
  37  3:40  Probe  
  38  3:50  Oracle  
  41  3:56  Adept x2  
  41  4:01  Probe (Chrono Boost)  
  46  4:06  Probe (Chrono Boost)  
  47  4:13  Probe (Chrono Boost)  
  47  4:16  Probe (Chrono Boost)  
  49  4:21  Adept x2  
  53  4:24  Shield Battery  
  53  4:26  Probe  
  54  4:34  Blink  
  54  4:35  Probe  
  54  4:38  Probe  
  56  4:40  Forge  
  56  4:45  Assimilator  
  56  4:47  Probe  
  56  4:48  Pylon  
  56  4:56  Probe  
  56  4:57  Phoenix  
  53  5:02  Probe  
  54  5:09  Probe  
  54  5:12  Protoss Ground Weapons Level 1 (Chrono Boost)  
  54  5:14  Probe  
  54  5:16  Stalker x2  
  54  5:21  Probe  
  57  5:26  Probe  
  58  5:30  Robotics Facility  
  58  5:33  Probe  
  59  5:38  Probe  
  59  5:41  Pylon  
  60  5:42  Photon Cannon  
  60  5:45  Probe  
  60  5:53  Probe  
  60  5:55  Stalker x2  
  64  5:57  Probe  
  65  6:05  Probe  
  65  6:09  Probe  
  67  6:17  Probe  
  68  6:20  Nexus  
  68  6:24  Immortal (Chrono Boost)  
  68  6:26  Probe  
  68  6:29  Probe  
  70  6:34  Pylon  
  70  6:35  Gateway  
  70  6:38  Gateway  
  70  6:43  Pylon  
  70  6:53  Sentry x2  
  70  6:54  Pylon  
  74  6:55  Probe  
  74  6:56  Probe  
  76  7:02  Shield Battery, Immortal (Chrono Boost)  
  80  7:12  Gateway, Protoss Ground Weapons Level 2 (Chrono Boost)  
  80  7:14  Gateway  
  80  7:17  Stalker  
  80  7:19  Stalker  
  84  7:25  Probe x2  
  86  7:31  Warp Prism (Chrono Boost)  
  88  7:40  Stalker x2  
  88  7:43  Photon Cannon  
  92  7:48  Stalker  
  92  7:51  Stalker  
  96  7:56  Gateway  
  96  8:00  Probe x2  
  96  8:02  Probe  
  99  8:10  Shield Battery  
  99  8:11  Stalker x3  
  105  8:15  Probe x2  
  105  8:17  Probe  
  108  8:23  Assimilator  
  108  8:27  Charge, Probe  
  108  8:28  Pylon  
  108  8:29  Pylon  
  108  8:31  Assimilator  
  108  8:32  Assimilator  
  109  8:49  Stalker x5  
  109  8:50  Stalker  
  118  9:06  Zealot  
  118  9:08  Probe  
  110  9:15  Stalker x5  
  105  9:21  Stalker  
  105  9:22  Probe  
  105  9:23  Probe  
  98  9:30  Stalker  
  100  9:35  Templar Archives  
  100  9:44  Stalker  
  100  9:45  Stalker, Sentry  
  106  9:55  Zealot x4  
  106  9:58  Probe x2  
  116  10:03  Pylon  
  116  10:10  Observer  
  116  10:11  High Templar x2, Zealot  
  116  10:12  Pylon  
  123  10:15  Archon  
  117  10:29  High Templar x2, Zealot x2  
  117  10:34  Archon  
  118  10:38  Observer  
  111  10:43  Stalker, Zealot x2  
  104  10:59  Observer  
  91  11:05  Stalker x6  
  91  11:07  Probe  
  84  11:25  Immortal  
  82  11:28  Stalker x4  
  90  11:34  Stalker x2  
  94  11:54  Stalker x5  
  94  11:58  Stalker  
  106  12:20  Stalker x4  
  106  12:21  Stalker  
  102  12:28  Observer  
  85  12:43  Stalker x5  
  85  12:44  Stalker  
  97  13:06  Stalker x4  
  97  13:07  Stalker x2  
Show
View Real Time Build Order
Export as new Build Order

HellraiseR Protoss - Winner!

Build Orders: Dark Templar Rush 

Get SALT Encoding   

  12  0:00  Probe  
  13  0:12  Probe  
  14  0:19  Pylon  
  14  0:24  Probe (Chrono Boost)  
  15  0:38  Gateway, Probe (Chrono Boost)  
  16  0:45  Probe (Chrono Boost)  
  16  0:46  Assimilator  
  17  0:52  Probe  
  17  0:54  Assimilator  
  18  1:04  Probe (Chrono Boost)  
  18  1:08  Gateway  
  19  1:14  Probe (Chrono Boost)  
  20  1:19  Probe (Chrono Boost)  
  20  1:25  Cybernetics Core  
  21  1:30  Probe  
  22  1:34  Pylon  
  22  1:42  Probe  
  23  1:55  Probe  
  24  2:02  Stalker, Warp Gate  
  24  2:04  Sentry  
  24  2:07  Probe  
  29  2:11  Pylon  
  29  2:30  Sentry  
  29  2:32  Stalker  
  33  2:45  Nexus  
  33  2:47  Probe  
  34  2:59  Probe  
  35  3:07  Shield Battery  
  35  3:09  Twilight Council  
  35  3:12  Probe  
  36  3:23  Pylon  
  36  3:24  Probe  
  37  3:30  Pylon  
  37  3:36  Probe (Chrono Boost)  
  38  3:48  Probe (Chrono Boost)  
  39  3:51  Adept x2, Dark Shrine  
  43  3:58  Probe (Chrono Boost)  
  43  4:00  Probe (Chrono Boost)  
  45  4:08  Probe x2 (Chrono Boost)  
  47  4:11  Stalker  
  47  4:16  Blink  
  49  4:17  Probe (Chrono Boost)  
  49  4:20  Probe (Chrono Boost)  
  50  4:28  Probe (Chrono Boost)  
  50  4:30  Probe (Chrono Boost)  
  52  4:33  Probe (Chrono Boost)  
  52  4:35  Probe (Chrono Boost)  
  52  4:36  Forge  
  54  4:43  Probe  
  54  4:45  Stalker  
  57  4:46  Probe  
  58  4:55  Probe  
  58  4:58  Probe  
  49  5:07  Probe  
  49  5:10  Probe  
  49  5:11  Dark Templar x2  
  49  5:13  Protoss Ground Weapons Level 1 (Chrono Boost)  
  51  5:20  Probe (Chrono Boost)  
  52  5:22  Probe (Chrono Boost)  
  53  5:31  Nexus  
  53  5:32  Probe (Chrono Boost)  
  53  5:34  Probe (Chrono Boost)  
  55  5:37  Probe (Chrono Boost)  
  55  5:38  Pylon  
  55  5:39  Probe (Chrono Boost)  
  57  5:46  Stalker x2, Probe  
  57  5:49  Probe  
  61  6:00  Gateway x2  
  61  6:01  Probe  
  61  6:02  Assimilator, Probe  
  63  6:12  Stalker, Gateway x2  
  65  6:23  Probe x2  
  64  6:28  Stalker  
  66  6:35  Robotics Facility, Probe x2  
  67  6:40  Photon Cannon  
  67  6:43  Pylon  
  67  6:45  Stalker  
  69  6:47  Charge (Chrono Boost), Probe x3  
  72  6:55  Photon Cannon  
  72  6:59  Stalker  
  74  7:04  Protoss Ground Weapons Level 2 (Chrono Boost)  
  74  7:06  Gateway, Probe  
  74  7:07  Gateway  
  76  7:11  Probe  
  76  7:13  Probe  
  77  7:17  Pylon  
  77  7:18  Probe  
  77  7:22  Observer (Chrono Boost)  
  79  7:24  Probe  
  79  7:25  Probe  
  79  7:29  Stalker x3  
  87  7:38  Photon Cannon  
  87  7:40  Warp Prism (Chrono Boost)  
  89  7:45  Pylon  
  89  7:47  Pylon  
  89  7:49  Stalker x2  
  93  7:51  Pylon  
  93  7:54  Zealot  
  93  7:55  Zealot  
  97  8:01  Pylon, Zealot  
  97  8:02  Pylon  
  99  8:08  Zealot x2  
  103  8:19  Zealot x5  
  113  8:26  Zealot  
  115  8:30  Nexus  
  115  8:34  Observer  
  115  8:35  Dark Shrine  
  114  8:50  Probe x3  
  117  9:01  Pylon  
  115  9:03  Zealot x8  
  131  9:11  Warp Prism  
  99  9:26  Stalker x8  
  99  9:27  Probe  
  99  9:28  Probe  
  99  9:29  Protoss Ground Weapons Level 3 (Chrono Boost)  
  112  9:37  Probe  
  112  9:44  Probe x2  
  112  9:45  Probe  
  109  9:47  Photon Cannon  
  109  9:51  Zealot x4  
  117  9:53  Sentry  
  117  9:56  Zealot  
  122  10:00  Assimilator  
  122  10:01  Assimilator  
  122  10:03  Zealot  
  122  10:04  Stalker  
  122  10:06  Shield Battery  
  125  10:14  Dark Templar x2  
  125  10:19  Zealot x4  
  124  10:29  Zealot x2  
  124  10:31  Observer  
  111  10:44  Zealot  
  111  10:45  Zealot x3  
  111  10:46  Dark Templar  
  120  10:54  Dark Templar, Zealot x2  
  112  10:57  Probe  
  99  11:08  Probe x3  
  96  11:15  Stalker x6  
  96  11:17  Probe  
  101  11:20  Probe  
  101  11:23  Probe  
  102  11:29  Probe  
  102  11:31  Zealot x2  
  106  11:38  Stalker x6  
  118  11:43  Shield Battery  
  118  11:45  Photon Cannon  
  118  11:50  Photon Cannon, Shield Battery  
  118  11:53  Stalker x2  
  122  11:59  Pylon  
  122  12:03  Assimilator  
  122  12:04  Zealot  
  122  12:05  Zealot x5  
  119  12:23  Zealot x2  
  119  12:28  Dark Templar x3  
  117  12:30  Zealot x3  
  110  12:38  Observer (Chrono Boost)  
  110  12:43  Archon  
  109  12:46  Zealot x2  
  109  12:49  Immortal (Chrono Boost)  
  109  12:50  Zealot x3  
  121  12:59  Pylon  
  121  13:01  Stalker x3  
  123  13:07  Stalker x2  
Tags
 
Add a new tag
Caveats
  • Supply blocks, unpowered buildings, or Contaminate may cause inaccurate times.
  • Supply counts are checked every 10 seconds.